 Dungeon Crawl Stone Soup version 0.22.1-1-ga44c0e5 (webtiles) character file.

265705 MalarOregon the Fencer (level 19, -4/178 HPs)
             Began as a Minotaur Berserker on Sept 20, 2018.
             Was the Champion of Trog.
             Shot with a bolt by a yaktaur (6 damage)
             ... on level 3 of the Vaults.
             The game lasted 01:28:43 (33408 turns).

MalarOregon the Fencer (Minotaur Berserker)        Turns: 33408, Time: 01:28:44

Health: -4/178     AC: 39    Str: 34    XL:     19   Next: 30%
Magic:  0/26       EV: 21    Int:  2    God:    Trog [******]
Gold:   2799       SH: 21    Dex: 16    Spells: 18/18 levels left

rFire    + + .     SeeInvis .   b - +9 demon blade (venom)
rCold    + . .     Gourm    .   M - +5 shield {AC+3}
rNeg     + . .     Faith    .   I - +7 chain mail of the Pit {rF+ Regen+ Str+2}
rPois    .         Spirit   +   f - +0 hat "Sazinn" {rF+}
rElec    +         Reflect  .   r - +2 cloak of the Evening Star {rElec MR+ Str+3}
rCorr    .         Harm     .   h - +2 pair of gloves {Dex+3}
MR       ++...                  s - +2 pair of boots
Stlth    ..........             D - amulet of Lucidity {Spirit +Inv rN+ Int-2 Dex+2}
HPRegen  0.79/turn              B - +4 ring of protection
MPRegen  0.20/turn              o - ring of protection from cold

@: about to teleport, marked, very slightly contaminated, invisible
A: retaliatory headbutt, horns 2
}: 2/15 runes: decaying, gossamer
a: Berserk, Trog's Hand, Brothers in Arms, Renounce Religion


You were on level 3 of the Vaults.
You worshipped Trog.
Trog was exalted by your worship.
You were not hungry.

You visited 6 branches of the dungeon, and saw 34 of its levels.
You also visited: Ice Cave.

You collected 3619 gold pieces.
You spent 820 gold pieces at shops.

Inventory:

Hand Weapons
 b - a +9 demon blade of venom (weapon)
   (Trog gifted it to you on level 1 of the Swamp)
 i - a +6 antimagic double sword
   (Trog gifted it to you on level 2 of the Vaults)
Missiles
 L - 3 throwing nets (quivered) {!f}
Armour
 f - the +0 hat "Sazinn" (worn) {rF+}
   (You acquired it on level 13 of the Dungeon)

   It protects you from fire.
 h - a +2 pair of gloves of dexterity (worn)
   (You acquired it on level 13 of the Dungeon)
 r - the +2 cloak of the Evening Star (worn) {rElec MR+ Str+3}
   (You acquired it on level 13 of the Dungeon)

   It affects your strength (+3).
   It insulates you from electricity.
   It affects your resistance to hostile enchantments.
 s - a +2 pair of boots (worn)
   (You found it on level 5 of the Dungeon)
 I - the +7 chain mail of the Pit (worn) {rF+ Regen+ Str+2}
   (You found it on level 1 of the Lair of Beasts)

   It affects your strength (+2).
   It protects you from fire.
   It increases your rate of regeneration.
 M - a +5 shield of protection (worn)
   (You took it off Asterion on level 1 of the Spider Nest)
Jewellery
 o - a ring of protection from cold (right hand)
   (You found it on level 3 of the Lair of Beasts)
 z - an uncursed ring of see invisible
   (You found it on level 7 of the Dungeon)
 B - a +4 ring of protection (left hand)
   (You found it on level 7 of the Dungeon)
 D - the amulet of Lucidity (around neck) {Spirit +Inv rN+ Int-2 Dex+2}
   (You found it on level 1 of the Spider Nest)

   [amulet of guardian spirit]

   It causes incoming damage to be split between your health and magic.
   It affects your intelligence (-2).
   It affects your dexterity (+2).
   It protects you from negative energy.
   It lets you turn invisible.
 G - an uncursed ring of flight
   (You found it on level 12 of the Dungeon)
 K - an uncursed ring of poison resistance
   (You found it on level 1 of the Swamp)
 P - an uncursed ring of fire
   (You found it on level 1 of the Lair of Beasts)
 T - a +3 ring of strength
   (You found it on level 15 of the Dungeon)
Wands
 c - a wand of disintegration (43)
   (You found it on level 1 of the Lair of Beasts)
 d - a wand of iceblast (33)
   (You took it off Maurice on level 8 of the Dungeon)
 m - a wand of polymorph (11)
   (You found it on level 2 of the Swamp)
 t - a wand of flame (109)
   (You found it on level 2 of the Lair of Beasts)
 u - a wand of paralysis (3)
   (You found it on level 11 of the Dungeon)
 v - a wand of digging (40)
   (You took it off Grinder on level 3 of the Dungeon)
 x - a wand of acid (38)
   (You found it on level 8 of the Dungeon)
 U - a wand of clouds (10)
   (You found it on level 15 of the Dungeon)
Scrolls
 g - 19 scrolls of remove curse {@r2}
 k - 4 scrolls of magic mapping
 l - 2 scrolls of fear
 q - 9 scrolls of teleportation {@r4}
 C - 2 scrolls of fog
 S - 3 scrolls of immolation {!r}
 V - a scroll of identify {@r1}
 X - a scroll of blinking
 Y - a scroll of enchant armour
 Z - 2 scrolls of enchant weapon
Potions
 j - 8 potions of might
 p - 13 potions of curing {@q1}
 w - 2 potions of flight
 A - 4 potions of agility
 E - 4 potions of resistance
 F - a potion of cancellation
 H - 5 potions of haste {@q3}
 Q - 3 potions of mutation {!q}
 R - 6 potions of lignification {!q}
 W - 4 potions of ambrosia
Miscellaneous
 n - a sack of spiders
 y - 2 phantom mirrors
 J - a lightning rod (4/4) {!a}
   (You found it on level 11 of the Dungeon)
 N - a phial of floods
   (You found it on level 4 of the Swamp)
Comestibles
 a - 13 chunks of flesh
 e - 48 rations {!d}


   Skills:
 + Level 17.7 Fighting
 + Level 18.5 Long Blades
 + Level 17.7 Armour
 + Level 16.4 Dodging
 + Level 15.7 Shields
 + Level 11.1 Evocations


You had 18 spell levels left.
You didn't know any spells.
Your spell library was empty.

Dungeon Overview and Level Annotations

Branches:
Dungeon (15/15)            Temple (0/1) D:7            Lair (6/6) D:11
  Swamp (4/4) Lair:3       Spider (4/4) Lair:4        Slime (0/5) Lair:6
    Orc (2/2) D:12            Elf (0/3) Orc:2        Vaults (3/5) D:14
 Depths (0/5) D:15
  Crypt: Vaults:2-3

Altars:
Fedhas
Gozag
Hepliaklqana
Makhleb
Ru
Sif Muna
Uskayaw
Wu Jian
Xom
Zin
Beogh
Jiyva

Shops:
D:4 !   Orc:2 [[[[   Vaults:1 (   Vaults:2 *

Portals:
Hell: Lair:6

Annotations:
Vaults:3 Saint Roka


Innate Abilities, Weirdness & Mutations

You reflexively headbutt those who attack you in melee.
You have a pair of horns on your head.


Message History

The warg's corpse shimmers and vanishes!
Your redback bites the ironheart preserver!
The yaktaur shoots a bolt.
The bolt hits the yaktaur!
Your soldier ant stings the ironheart preserver!
The ironheart preserver dies!
Trog accepts your kill.
Trog appreciates your killing of a magic user.
Saint Roka roars a battlecry!
The orcs go into a battle-frenzy!
Unknown command.
You hit the wizard.
The wizard is poisoned.
You headbutt the wizard!
The orc warrior no longer looks unusually strong.
The orc no longer looks unusually strong.
The orc wizard no longer looks unusually strong.
Your redback bites the yaktaur.
The yaktaur looks as sick as possible!
Your redback poisons the yaktaur!
The rakshasa hits your redback with a whip!
You block the vault sentinel's attack. The yaktaur hits you!
* * * LOW HITPOINT WARNING * * *
The yaktaur hits your redback.
An ironheart preserver comes into view. It is wielding a dire flail.
Your redback bites the rakshasa. x2
Your redback barely misses the vault sentinel.
Unknown command.
The orc warrior no longer looks unusually strong.
The orc no longer looks unusually strong.
Your redback bites the yaktaur.
The yaktaur looks as sick as possible!
Your redback poisons the yaktaur!
Your redback bites the yaktaur.
The yaktaur looks as sick as possible!
Your redback poisons the yaktaur!
Your soldier ant stings the yaktaur!
The yaktaur dies!
Trog accepts your kill.
Your redback misses the rakshasa.
Your redback bites the rakshasa!
Your soldier ant stings the vault sentinel but does no damage.
The yaktaur shoots a bolt.
The bolt completely misses your redback.
The bolt hits you!
* * * LOW HITPOINT WARNING * * *
Your redback bites the vault sentinel!
The vault sentinel dies!
Trog accepts your kill.
Trog appreciates your killing of a magic user.
The orc warrior barely misses your soldier ant.
Saint Roka says, "In the orcish mines, orcs kill the likes of YOU!"
Saint Roka mumbles some strange prayers to Beogh against you.
Beogh smites you!
* * * LOW HITPOINT WARNING * * *
The yaktaur shoots a bolt.
The bolt barely misses your redback. The bolt hits you!
You die...

#............
#............
.##............
.p............
#............
#......).....
############.ssa........
............c.))@ss.....
...........oocs)sR......
...........ouCp)a^).....
...........oeoeco.......
###.........oooo........
#..........ยง##########
###........o#
#..(...(..# ###.......#


You could see Saint Roka, an ironheart preserver, a stone giant, a green ugly
thing, a rakshasa, 2 deep elf archers, 3 yaktaurs, a wizard, 3 orc warriors, an
orc wizard, 6 orcs, 2 friendly soldier ants and 6 friendly redbacks.

Vanquished Creatures
  Nikola (Vaults:1)
  Arachne (Spider:3)
  A sphinx (Vaults:1)
  Asterion (Spider:1)
  Kirke (D:15)
  3 thorn hunters (Swamp:3)
  Frances (Swamp:1)
  A vault warden (Vaults:3)
  An orc warlord (Orc:1)
  The ghost of trianova the Earth Mage, a journeyman DDEE of Makhleb (D:15)
  3 ghost moths (Spider:4)
  3 emperor scorpions (Spider:4)
  Louise (Spider:4)
  A very ugly thing (Swamp:4)
  An ironheart preserver (Vaults:1)
  A stone giant (Vaults:3)
  2 deep elf demonologists (Vaults:1)
  An entropy weaver (Spider:4)
  Azrael (D:13)
  A crystal guardian (Vaults:1)
  2 fire dragons
  2 death oozes (Swamp:4)
  2 green deaths (Swamp:4)
  4 yaktaur captains
  5 ogre magi
  27 hydras
  3 ice dragons
  A hell beast (Swamp:4)
  2 rakshasas (Vaults:1)
  2 catoblepae
  8 ghost crabs
  Erica (D:8)
  4 vault guards (D:14)
  11 alligators
  6 centaur warriors
  2 death knights (D:15)
  12 two-headed ogres
  Urug (Orc:1)
  2 thrashing horrors (Swamp:4)
  6 orc high priests
  2 deep elf knights (Vaults:1)
  Sonja (Lair:4)
  A sixfirhy (Lair:6)
  A large abomination (Swamp:4)
  4 skeletal warriors (D:13)
  3 unseen horrors
  An unseen horror (shapeshifter) (Vaults:2)
  4 spriggan druids
  6 swamp dragons
  3 shambling mangroves
  2 wizards
  2 deep elf magi
  6 ironbrand convokers
  5 harpies (Vaults:3)
  3 phantasmal warriors (D:15)
  26 wolf spiders
  15 orc knights
  27 ugly things
  24 orb spiders
  A wolf spider zombie (D:13)
  4 oklob plants
  2 orc sorcerers
  10 cyclopes
  3 manticores
  2 moths of wrath
  Maurice (D:8)
  15 elephants
  7 black mambas
  3 ice statues (IceCv)
  4 vault sentinels
  2 gargoyles (D:14)
  17 spiny frogs
  A torpor snail (Spider:3)
  5 apocalypse crabs (Swamp:2)
  7 orange demons
  10 komodo dragons
  17 demonic crawlers
  4 rime drakes
  A kobold demonologist (D:13)
  A hellwing (Lair:6)
  4 freezing wraiths
  8 yaktaurs
  2 tengu conjurers (D:15)
  2 ice devils (Lair:6)
  2 red devils (Lair:6)
  3 meliai (Spider:3)
  5 tyrant leeches
  4 trolls
  38 jumping spiders
  Grinder (D:3)
  11 bog bodies
  6 hippogriffs
  19 hornets
  31 slime creatures
  6 dream sheep (Lair:6)
  8 blink frogs
  2 shadows
  Sigmund (D:3)
  6 spriggans
  A vampire (D:13)
  A hog (shapeshifter) (Vaults:3)
  24 tarantellas
  2 wraiths (D:15)
  2 fire elementals
  80 redbacks
  2 tarantellas (shapeshifter)
  2 wyverns
  41 yaks
  Grum (D:9)
  2 basilisks (Lair:6)
  A fire bat (shapeshifter) (D:14)
  4 hungry ghosts
  2 hogs (D:15)
  9 vampire mosquitoes
  19 swamp worms
  6 insubstantial wisps
  5 wargs
  A soldier ant (shapeshifter) (D:15)
  2 acid dragons
  10 hell hounds
  3 soldier ants
  13 water moccasins
  5 porcupines
  46 orc warriors
  2 black bears
  9 swamp drakes
  8 ice beasts
  An eye of draining (D:6)
  A phantom (D:10)
  2 sky beasts
  An eye of draining (shapeshifter) (D:14)
  10 boggarts
  24 ogres
  19 wolves
  24 crocodiles
  16 centaurs
  A big kobold (D:10)
  A wyvern zombie (D:7)
  14 bullfrogs
  A gnoll sergeant (D:12)
  A wyvern skeleton (D:14)
  4 scorpions
  A human simulacrum (Vaults:1)
  18 killer bees
  12 howler monkeys
  6 wights
  4 electric eels
  2 crimson imps
  2 bullfrog zombies
  2 quasits (D:14)
  3 centaur zombies
  4 hounds
  31 orc priests
  6 jellies
  3 iguanas
  20 orc wizards
  A centaur skeleton (D:12)
  10 worker ants
  A killer bee zombie (D:6)
  2 hound zombies
  7 gnolls
  8 adders
  7 shadow imps
  2 adder skeletons (D:9)
  3 worms
  A dart slug (D:5)
  5 leopard geckos
  93 orcs
  6 bats
  5 giant cockroaches
  5 goblins
  6 hobgoblins
  14 jackals
  15 kobolds
  4 quokkas
  A ball python (D:3)
  8 frilled lizards
  3 rats
  2 briar patches (Swamp:3)
  A bush (Lair:2)
1289 creatures vanquished.

Vanquished Creatures (collateral kills)
  An ironheart preserver (Vaults:3)
  A deep elf archer (Vaults:3)
  2 ironbrand convokers (Vaults:3)
  2 vault sentinels (Vaults:3)
  A yaktaur (shapeshifter) (Vaults:3)
  A yaktaur (Vaults:3)
  2 orcs (Vaults:3)
10 creatures vanquished.

Vanquished Creatures (others)
  An alligator (Swamp:3)
  A deep elf knight (Vaults:3)
  A spriggan druid (Swamp:2)
  A deep elf mage (Vaults:3)
  A jumping spider (Spider:1)
  2 hornets
  A spriggan (Swamp:3)
  A redback (Spider:1)
  A tarantella (Spider:1)
  A swamp worm (Swamp:3)
  A warg (Vaults:3)
  A swamp drake (D:11)
  2 iguanas (D:11)
  A frilled lizard (D:11)
  7 fungi
  3 plants
26 creatures vanquished.

Grand Total: 1325 creatures vanquished

Notes
Turn   | Place    | Note
-------+----------+-------------------------------------------
     0 | D:1      | MalarOregon the Minotaur Berserker began the quest for the
                  | Orb.
     0 | D:1      | Reached XP level 1. HP: 19/19 MP: 0/0
   663 | D:2      | Reached XP level 2. HP: 24/27 MP: 1/1
   671 | D:2      | Reached skill level 4 in Long Blades
   957 | D:2      | Reached XP level 3. HP: 33/33 MP: 2/2
  1267 | D:2      | Reached XP level 4. HP: 31/40 MP: 3/3
  1283 | D:2      | Reached ** piety under Trog
  1347 | D:2      | Reached skill level 5 in Long Blades
  1706 | D:3      | Noticed Sigmund
  1719 | D:3      | Killed Sigmund
  1719 | D:3      | Reached XP level 5. HP: 47/47 MP: 4/4
  1719 | D:3      | Reached XP level 6. HP: 55/55 MP: 5/5
  1854 | D:3      | Found a burning altar of Makhleb.
  1934 | D:3      | Reached skill level 6 in Long Blades
  2101 | D:3      | Noticed Grinder
  2105 | D:3      | Paralysed by Grinder for 7 turns
  2126 | D:3      | Killed Grinder
  2126 | D:3      | Reached skill level 5 in Fighting
  2381 | D:3      | Reached XP level 7. HP: 39/61 MP: 6/6
  2713 | D:4      | Reached skill level 7 in Long Blades
  2787 | D:4      | Found Nuim's Distillery.
  3242 | D:5      | Entered Level 5 of the Dungeon
  3434 | D:5      | Reached skill level 5 in Armour
  3597 | D:5      | Found a hazy altar of Hepliaklqana.
  3622 | D:5      | Found an opulent altar of Gozag.
  3759 | D:5      | Reached *** piety under Trog
  3772 | D:5      | Found a blossoming altar of Fedhas.
  3790 | D:5      | Found a shimmering altar of Xom.
  3841 | D:5      | Found an ornate altar of the Wu Jian Council.
  3999 | D:6      | Noticed a hungry ghost
  4072 | D:6      | Killed a hungry ghost
  4135 | D:6      | Found a deep blue altar of Sif Muna.
  4245 | D:6      | Reached skill level 5 in Dodging
  4245 | D:6      | Reached XP level 8. HP: 59/70 MP: 7/7
  4352 | D:6      | Reached skill level 8 in Long Blades
  5095 | D:7      | Reached skill level 9 in Long Blades
  5326 | D:7      | Noticed a manticore
  5360 | D:7      | Reached XP level 9. HP: 79/79 MP: 8/8
  5365 | D:7      | Killed a manticore
  5365 | D:7      | Reached skill level 10 in Long Blades
  5660 | D:7      | Reached **** piety under Trog
  6434 | D:7      | Reached skill level 11 in Long Blades
  6570 | D:7      | Found a staircase to the Ecumenical Temple.
  6763 | D:8      | Noticed Maurice
  6818 | D:8      | Killed Maurice
  6896 | D:8      | Reached XP level 10. HP: 74/90 MP: 9/9
  6942 | D:8      | Noticed Erica
  6954 | D:8      | Killed Erica
  7131 | D:8      | Found a hide-covered altar of Uskayaw.
  7289 | D:8      | Found a shimmering altar of Xom.
  7529 | D:9      | Reached skill level 12 in Long Blades
  7531 | D:9      | Reached ***** piety under Trog
  7586 | D:9      | Noticed Grum
  7609 | D:9      | Killed Grum
  7741 | D:9      | Found a sacrificial altar of Ru.
  7748 | D:9      | Noticed a two-headed ogre
  7754 | D:9      | Killed a two-headed ogre
  8053 | D:10     | Entered Level 10 of the Dungeon
  8329 | D:10     | Received a gift from Trog
  8349 | D:10     | Noticed a cyclops
  8362 | D:10     | Killed a cyclops
  8370 | D:10     | Reached XP level 11. HP: 84/99 MP: 10/10
  9116 | D:11     | Noticed an eight-headed hydra
  9126 | D:11     | Killed a three-headed hydra
  9126 | D:11     | Reached skill level 13 in Long Blades
  9126 | D:11     | Reached skill level 1 in Shields
  9238 | D:11     | Reached skill level 10 in Fighting
  9368 | D:11     | Found a staircase to the Lair.
  9696 | D:11     | Noticed a two-headed ogre
  9699 | D:11     | Killed a two-headed ogre
  9926 | D:12     | Reached skill level 10 in Armour
 10021 | D:12     | Found a frozen archway.
 10028 | IceCv    | Entered an ice cave
 10098 | IceCv    | Noticed a white ugly thing
 10112 | IceCv    | Killed a white ugly thing
 10183 | IceCv    | Reached skill level 14 in Long Blades
 10184 | IceCv    | Noticed a white ugly thing
 10425 | IceCv    | Killed a white ugly thing
 10554 | D:12     | Noticed a white ugly thing
 10576 | D:12     | Killed a white ugly thing
 10590 | D:12     | Reached skill level 5 in Shields
 10590 | D:12     | Reached XP level 12. HP: 60/108 MP: 11/11
 10628 | D:12     | Received a gift from Trog
 10640 | D:12     | Reached skill level 10 in Dodging
 10675 | D:12     | Found a staircase to the Orcish Mines.
 11037 | D:13     | Noticed Azrael
 11192 | Lair:1   | Entered Level 1 of the Lair of Beasts
 11296 | Lair:1   | Found a transporter.
 11456 | Lair:1   | Found a transporter.
 11951 | Lair:1   | Got a twisted chain mail
 11994 | Lair:1   | Identified the +7 chain mail of the Pit {rF+ Regen+ Str+2}
                  | (You found it on level 1 of the Lair of Beasts)
 12009 | Lair:2   | Got a slimy ring mail
 12433 | Lair:2   | Noticed a catoblepas
 12442 | Lair:2   | Killed a catoblepas
 12825 | Lair:3   | Found a staircase to the Swamp.
 12929 | Lair:3   | Noticed a seven-headed hydra
 12934 | Lair:3   | Killed a six-headed hydra
 13227 | Lair:3   | Reached XP level 13. HP: 67/119 MP: 12/12
 13469 | Lair:4   | Noticed Sonja
 13475 | Lair:4   | Killed Sonja
 13495 | Lair:4   | Reached skill level 1 in Evocations
 13559 | Lair:4   | Found a hole to the Spider Nest.
 13565 | Lair:4   | Received a gift from Trog
 13766 | Lair:4   | Got a twisted battleaxe
 14237 | Lair:4   | Identified the +6 battleaxe "Aqacaylo" {chop, *Noise rF+
                  | Str+3} (You found it on level 4 of the Lair of Beasts)
 14250 | Lair:4   | Identified the +3 ring mail of the Solstice {+Fly Regen+
                  | Str+2} (You found it on level 2 of the Lair of Beasts)
 15002 | Lair:6   | Entered Level 6 of the Lair of Beasts
 15216 | Lair:6   | Found a viscous altar of Jiyva.
 15216 | Lair:6   | Found a staircase to the Slime Pits.
 15345 | Lair:6   | Reached XP level 14. HP: 101/129 MP: 15/15
 15415 | Lair:6   | Reached skill level 10 in Shields
 15423 | Lair:6   | Received a gift from Trog
 15430 | Lair:6   | Got a steaming falchion {god gift}
 15431 | Lair:6   | Identified the +4 falchion of Resumed Hostilities {slice,
                  | +Blink rF+} (Trog gifted it to you on level 6 of the Lair
                  | of Beasts)
 15850 | Lair:6   | Found a burning altar of Makhleb.
 15913 | Lair:6   | Found a gateway to Hell.
 16244 | Orc:1    | Entered Level 1 of the Orcish Mines
 16444 | Orc:1    | Noticed an orc warlord
 16467 | Orc:1    | Killed an orc warlord
 16472 | Orc:1    | Reached skill level 5 in Evocations
 16866 | Orc:1    | Noticed Urug
 16882 | Orc:1    | Killed Urug
 16933 | Orc:1    | Reached skill level 15 in Long Blades
 16998 | Orc:1    | Found a roughly hewn altar of Beogh.
 17034 | Orc:1    | Reached ****** piety under Trog
 17107 | Orc:2    | Entered Level 2 of the Orcish Mines
 17240 | Orc:2    | Found a roughly hewn altar of Beogh.
 17331 | Orc:2    | Found a staircase to the Elven Halls.
 17864 | Orc:2    | Received a gift from Trog
 18004 | Orc:2    | Found Qotzamiemao's Armour Shop.
 18007 | Orc:2    | Found Nije's Armour Boutique.
 18008 | Orc:2    | Found Ykhlor's Antique Armour Shop.
 18009 | Orc:2    | Found Japenif's Armour Shop.
 18015 | Orc:2    | Bought a +0 large shield for 63 gold pieces
 18016 | Orc:2    | Bought a +2 hat for 208 gold pieces
 18452 | D:13     | Killed Azrael
 18452 | D:13     | Reached XP level 15. HP: 99/139 MP: 18/18
 19138 | D:13     | Received a gift from Trog
 19602 | D:13     | Identified 3 scrolls of acquirement
 19603 | D:13     | Got a slimy hat
 19615 | D:13     | Identified the +0 hat "Sazinn" {rF+} (You acquired it on
                  | level 13 of the Dungeon)
 19628 | D:13     | Got a jewelled cloak
 19639 | D:13     | Identified the +2 cloak of the Evening Star {rElec MR+
                  | Str+3} (You acquired it on level 13 of the Dungeon)
 20082 | D:14     | Found a gate to the Vaults.
 20347 | D:15     | Entered Level 15 of the Dungeon
 20445 | D:15     | Noticed Kirke
 20461 | D:15     | Killed Kirke
 20638 | D:15     | Received a gift from Trog
 20754 | D:15     | Found a runed door.
 21108 | D:15     | Noticed trianova's ghost (journeyman DDEE)
 21170 | D:15     | Reached skill level 15 in Fighting
 21202 | D:15     | Found a staircase to the Depths.
 21380 | D:15     | Killed trianova's ghost
 21380 | D:15     | Reached skill level 16 in Long Blades
 21389 | D:15     | Got a polished spear {pierce}
 21712 | Spider:1 | Entered Level 1 of the Spider Nest
 21864 | Spider:1 | Noticed Asterion
 21879 | Spider:1 | Reached skill level 15 in Armour
 21883 | Spider:1 | Killed Asterion
 21883 | Spider:1 | Reached XP level 16. HP: 149/149 MP: 20/20
 21957 | Spider:1 | Received a gift from Trog
 22225 | Spider:1 | Got a sparkling lead amulet
 22601 | Spider:1 | Identified the amulet of Lucidity {Spirit +Inv rN+ Int-2
                  | Dex+2} (You found it on level 1 of the Spider Nest)
 22769 | Spider:2 | Got a spiked ring mail
 22882 | Spider:2 | Received a gift from Trog
 23547 | Spider:3 | Noticed Arachne
 23641 | Spider:3 | Killed Arachne
 23722 | Spider:3 | Received a gift from Trog
 24129 | Spider:4 | Entered Level 4 of the Spider Nest
 24649 | Spider:4 | Received a gift from Trog
 24736 | Spider:4 | Reached XP level 17. HP: 158/158 MP: 22/22
 24863 | Spider:4 | Noticed Louise
 25063 | Spider:4 | Killed Louise
 25200 | Spider:4 | Reached skill level 17 in Long Blades
 25457 | Spider:4 | Reached skill level 15 in Dodging
 25496 | Spider:4 | Got a gossamer rune of Zot
 25839 | Swamp:1  | Entered Level 1 of the Swamp
 25860 | Swamp:1  | Received a gift from Trog
 25889 | Lair:3   | Identified the +4 ring mail of the Meadowlark {rElec MR+
                  | Str-2} (You found it on level 2 of the Spider Nest)
 26274 | Swamp:1  | Noticed Frances
 26294 | Swamp:1  | Killed Frances
 27424 | Swamp:2  | Found a runed door.
 27852 | Swamp:2  | Paralysed by you for 4 turns
 27876 | Swamp:2  | Received a gift from Trog
 27931 | Swamp:2  | Identified the Handbook of Evil Rites and Boosts
 28381 | Swamp:3  | Reached XP level 18. HP: 108/168 MP: 16/24
 28943 | Swamp:4  | Entered Level 4 of the Swamp
 28963 | Swamp:4  | Reached skill level 10 in Evocations
 29165 | Swamp:4  | Received a gift from Trog
 29224 | Swamp:4  | Got a transparent falchion {god gift}
 29228 | Swamp:4  | Identified the +8 falchion of Syredd {slice, *Rage +Inv
                  | rPois Stlth+} (Trog gifted it to you on level 4 of the
                  | Swamp)
 30019 | Swamp:4  | Reached skill level 15 in Shields
 30097 | Swamp:4  | Got a decaying rune of Zot
 30483 | Vaults:1 | Entered Level 1 of the Vaults
 30578 | Vaults:1 | Reached skill level 18 in Long Blades
 30589 | Vaults:1 | Received a gift from Trog
 31585 | Vaults:1 | Noticed Nikola
 31613 | Vaults:1 | Killed Nikola
 31779 | Vaults:1 | Found Tiumasyt's Antique Weapon Emporium.
 31786 | Vaults:1 | Bought an ancient long sword for 263 gold pieces
 31793 | Vaults:1 | Identified the cursed +0 long sword of Risk Management
                  | {vamp, +Inv rElec} (You bought it in a shop on level 1 of
                  | the Vaults)
 31849 | Vaults:2 | Found Aggian's General Store.
 31852 | Vaults:2 | Bought a wand of acid (9) for 286 gold pieces
 31890 | Vaults:2 | Received a gift from Trog
 32053 | Vaults:2 | Reached XP level 19. HP: 177/177 MP: 26/26
 32083 | Vaults:2 | Found a glowing silver altar of Zin.
 33381 | Vaults:3 | Noticed Saint Roka
 33402 | Vaults:3 | Received a gift from Trog
 33408 | Vaults:3 | HP: 2/178 [Saint Roka/divine providence (10)]
 33408 | Vaults:3 | Shot with a bolt by a yaktaur

Skill      XL: |  1  2  3  4  5  6  7  8  9 10 11 12 13 14 15 16 17 18 19 |
---------------+----------------------------------------------------------+-----
Long Blades    | 4 5 6 7 9 11 12 14 15 16 17 18 | 18.5
Fighting       | 4 5 6 7 8 9 10 12 13 14 15 16 17 | 17.7
Armour         | 3 4 5 6 8 9 10 12 13 14 15 16 17 | 17.7
Dodging        | 3 4 5 6 7 8 9 11 12 13 14 15 16 | 16.4
Shields        | 5 8 9 11 12 13 14 15 | 15.7
Evocations     | 3 5 7 8 9 10 11 | 11.1

Action                   |  1- 3 |  4- 6 |  7- 9 | 10-12 | 13-15 | 16-18 | 19-21 || total
-------------------------+-------+-------+-------+-------+-------+-------+-------++-------
Melee: Falchion          |    57 |    98 |   281 |    19 |  1354 |  1349 |       ||  3158
       Headbutt          |    15 |    25 |    65 |   149 |   520 |   711 |    74 ||  1559
       Scimitar          |       |       |       |   202 |    30 |       |       ||   232
       Great sword       |       |       |       |   345 |   254 |       |       ||   599
       Demon blade       |       |       |       |       |       |   528 |   202 ||   730
Throw: Tomahawk          |       |       |       |       |       |     8 |       ||     8
Invok: Berserk           |       |     2 |     1 |     2 |     6 |       |       ||    11
       Trog's Hand       |       |       |       |     1 |     2 |     4 |       ||     7
Evoke: Wand              |       |       |       |       |     1 |    25 |       ||    26
       Sack of spiders   |       |       |       |       |       |       |     9 ||     9
  Use: Scroll            |       |       |       |    20 |    10 |    28 |     1 ||    59
       Potion            |       |       |       |     2 |       |     7 |     1 ||    10
 Stab: Paralysed         |       |       |       |       |     2 |     1 |       ||     3
  Eat: Chunk             |     1 |     3 |    13 |    26 |    37 |    30 |     2 ||   112
       Ration            |       |     1 |     1 |       |       |     3 |       ||     5
Armor: Scale mail        |    18 |    38 |     6 |       |       |       |       ||    62
       Animal skin       |     4 |       |       |       |       |       |       ||     4
       Chain mail        |       |       |   118 |   372 |   599 |   761 |    54 ||  1904
Dodge: Dodged            |    30 |    54 |   131 |   423 |   628 |  1088 |   132 ||  2486
Block: Shield            |       |       |       |       |   307 |  1661 |   205 ||  2173
       Large shield      |       |       |       |       |   609 |   136 |       ||   745
       Rpst.: Falchion   |     8 |    10 |    39 |     1 |    93 |   105 |       ||   256
       Scimitar          |       |       |       |    22 |     2 |       |       ||    24
       Great sword       |       |       |       |    79 |    64 |       |       ||   143
       Demon blade       |       |       |       |       |       |    42 |    24 ||    66
